 Dungeon Crawl Stone Soup version 0.31.0-9-g3a7656b989 (webtiles) character file.

Game seed: 14336545576834114538

60 qw the Shooter (level 3, -2/18 HPs)
             Began as a Spriggan Hunter on Feb 2, 2024.
             Slain by an orc
             ... wielding a +0 trident
              (8 damage)
             ... on level 3 of the Dungeon.
             The game lasted 00:00:04 (1212 turns).

qw the Shooter (Spriggan Hunter)                    Turns: 1212, Time: 00:00:04

Health: -2/18      AC:  2    Str:  7    XL:     3   Next: 80%
Magic:  4/4        EV: 19    Int: 10    God:
Gold:   42         SH:  0    Dex: 20    Spells: 2/2 levels left

rFire   . . .        a - +0 shortbow
rCold   . . .        (shield currently unavailable)
rNeg    . . .        c - +0 robe
rPois   .            (helmet restricted)
rElec   .            (no cloak)
rCorr   .            (gloves unavailable)
SInv    +            (boots unavailable)
Will    .....        (no amulet)
Stlth   ++           (no ring)
HPRegen 0.23/turn    (no ring)
MPRegen 0.09/turn

%: no passive effects
@: very quick
A: very small, no large weapons, unfitting armour, see invisible, speed 3
a: no special abilities


You were on level 3 of the Dungeon.
You visited 1 branch of the dungeon, and saw 3 of its levels.

You collected 114 gold pieces.
You spent 72 gold pieces at shops.


Innate Abilities, Weirdness & Mutations

You are very small and have problems with some larger weapons.
You are too small for most types of armour.
You have supernaturally acute eyesight. (SInv)
You cover ground extremely quickly. (Speed+++)


   Skills:
 - Level 1.5 Fighting
 - Level 5.0 Ranged Weapons
 + Level 4.0 Dodging
 - Level 1.5 Stealth


You had 2 spell levels left.
You didn't know any spells.
Your spell library was empty.

Inventory:

Hand Weapons
 a - a +0 shortbow (weapon)
Armour
 c - a +0 robe (worn)
Potions
 e - a potion of haste
 f - a potion of resistance
 h - a potion of cancellation
 i - 2 potions of curing

Dungeon Overview and Level Annotations

Branches:
Dungeon (3/15)

Altars:

Shops:
D:2 !


Message History

The orc shouts!
You hear a shout!
An orc comes into view. It is wielding a +0 dagger.
You shoot an arrow. The orc shouts!
The arrow hits the orc!
You kill the orc!
An orc comes into view. It is wielding a +0 trident.
You shoot an arrow. The arrow barely misses the orc. x2
You shoot an arrow. The arrow closely misses the orc. x2
An orc comes into view. It is wielding a +0 club.
You shoot an arrow. The arrow closely misses the orc.
An orc priest comes into view.
It is wielding a +1 short sword of electrocution.
The orc priest moves out of view.
You shoot an arrow. The arrow barely misses the orc.
You shoot an arrow. The orc priest shouts!
The arrow hits the orc.
The orc is heavily wounded.
The orc hits you with a +0 dagger.
The orc priest miscasts a cantrip.
You shoot an arrow.
The arrow hits the orc but does no damage.
The orc is heavily wounded.
The orc completely misses you.
You shoot an arrow. The arrow closely misses the orc.
The orc closely misses you. The orc misses you.
You shoot an arrow. The arrow hits the orc.
The orc is almost dead.
The orc misses you. The orc closely misses you.
You shoot an arrow. The arrow hits the orc.
You kill the orc!
The orc priest mumbles some strange prayers to Beogh against you.
Beogh smites you!
Ouch! That really hurt!
The orc barely misses you.
Your Ranged Weapons skill increases to level 5!
You shoot an arrow. The arrow barely misses the orc.
The orc closely misses you.
The orc hits you from afar with a +0 trident!
You die...

####### .
#..<..# .)
#####%###.##
#####o..o..##
#....@.o....#
#####)..}...#
#.......#
#....(..#
#...###.#
#.### .# ...
# ..>


You could see an orc priest and 2 orcs.

Vanquished Creatures
  2 adders
  A dart slug (D:2)
  2 orcs (D:3)
  7 bats
  4 endoplasms
  A giant cockroach (D:1)
  3 goblins (D:1)
  4 hobgoblins
  2 jackals (D:2)
  3 ball pythons
  2 frilled lizards (D:2)
  3 kobolds (D:1)
  3 rats
37 creatures vanquished.

Notes
Turn   | Place    | Note
-------+----------+-------------------------------------------
     0 | D:1      | qw the Spriggan Hunter began the quest for the Orb.
     0 | D:1      | Reached XP level 1. HP: 10/10 MP: 2/2
     0 | D:1      | 0 ||| qw: Version: 0.3-a-155-g5e7d8dd
     0 | D:1      | 0 ||| qw: Game counter: 1406
     0 | D:1      | 0 ||| qw: Melee chars always use a shield: true
     0 | D:1      | 0 ||| qw: God list: Okawaru
     0 | D:1      | 0 ||| qw: Allow faded altars: false
     0 | D:1      | 0 ||| qw: Do Orc after clearing Dungeon:15 true
     0 | D:1      | 0 ||| qw: Do second Lair branch before Depths: true
     0 | D:1      | 0 ||| qw: Lair rune preference: random
     0 | D:1      | 0 ||| qw: Goals: Normal
     0 | D:1      | 0 ||| PLANNING D:1-11
    17 | D:1      | Reached skill level 3 in Dodging
   104 | D:1      | Reached XP level 2. HP: 14/14 MP: 3/3
   570 | D:1      | 570 ||| DROPPING ring of flight.
   571 | D:1      | 571 ||| READING 2 scrolls labelled LENNOR PAUBITA.
   571 | D:1      | 571 ||| IDENTIFYING fuming yellow potion
   572 | D:1      | 572 ||| READING scroll of identify.
   572 | D:1      | 572 ||| IDENTIFYING murky silvery potion
   573 | D:1      | 573 ||| READING scroll labelled WIDUKEOWUIH.
   574 | D:1      | 574 ||| DROPPING scroll of butterflies.
   575 | D:1      | 575 ||| DROPPING potion of attraction.
   772 | D:2      | Found a faded altar of an unknown god.
   793 | D:2      | Reached XP level 3. HP: 18/18 MP: 4/4
   922 | D:2      | Found Iblounnu's Distillery.
   927 | D:2      | 927 ||| BUYING potion of curing (36 gold).
   927 | D:2      | Bought a potion of curing for 36 gold pieces
   927 | D:2      | 927 ||| BUYING potion of curing (36 gold).
   927 | D:2      | Bought a potion of curing for 36 gold pieces
   927 | D:2      | 927 ||| SHOPLISTING potion of enlightenment (60 gold, have
                  | 17).
   927 | D:2      | 927 ||| SHOPLISTING potion of mutation (96 gold, have 17).
  1143 | D:2      | 1143 ||| DROPPING ring of wizardry.
  1144 | D:2      | 1144 ||| READING scroll of identify.
  1144 | D:2      | 1144 ||| IDENTIFYING metallic clear potion
  1145 | D:2      | 1145 ||| READING scroll labelled CEIL DIBEAPPO.
  1146 | D:2      | 1146 ||| READING scroll labelled BURHEYDIVA.
  1151 | D:2      | 1151 ||| DRINKING 2 lumpy sapphire potions.
  1212 | D:3      | Reached skill level 5 in Ranged Weapons
  1212 | D:3      | Slain by an orc

Levels and vault maps discovered:
D:1:      eino_arrival_tree_alley, layout_loops_cross
D:2:      layout_loops_ring, hellmonk_ecumenical_altar_dog_temple, serial_shops,
          nicolae_shop_tiny_waterfront, grunt_decor_one_mirror
D:3:      layout_loops_ring, kennysheep_cluttered_room, solitary_fountain,
          kennysheep_jessica_study

Skill      XL: |  1  2  3 |
---------------+----------+-----
Dodging        | 3 4 |  4.0
Ranged Weapons | 5 |  5.0
Fighting       | |  1.5
Stealth        | |  1.5

Action                     || total
---------------------------++-------
   Fire: Shortbow          ||   110
    Use: Scroll            ||     6
         Potion            ||     1
 Armour: Robe              ||     9
  Dodge: Dodged            ||    26

Table legend:
 A = Non-vault XP
 B = Vault XP
 C = Vault XP percentage of total XP
 D = Non-vault monster count
 E = Vault monster count
 F = Vault count percentage of total count
                 A         B        C        D         E       F
            +---------+---------+-------+---------+---------+-------
      Total |      82 |       4 |   4.7 |      35 |       2 |   5.4
            +---------+---------+-------+---------+---------+-------
        D:1 |      34 |       0 |   0.0 |      20 |       0 |   0.0
        D:2 |      27 |       4 |  12.9 |      11 |       2 |  15.4
        D:3 |      21 |       0 |   0.0 |       4 |       0 |   0.0
            +---------+---------+-------+---------+---------+-------
